Map: Bridgehead LE (Void)

Players

Kalki - Winner!

  • Race: Zerg Zerg
  • League: Grandmaster

Javert

  • Race: Zerg Zerg
  • League: Platinum

VOD

Have the link to the VOD?

Description

Time

  • Played on: Aug. 12, 2015, 11:40 p.m.
  • Length: 9:50
Show
View Real Time Build Order
Export as new Build Order

Kalki Zerg - Winner!

Build Orders: Hatch First, Lurkers 

Get SALT Encoding   

  12  0:01  Drone  
  13  0:13  Overlord  
  13  0:18  Drone  
  14  0:31  Drone x2  
  14  0:35  Drone  
  17  0:54  Hatchery  
  16  0:59  Drone, Extractor  
  16  1:14  Spawning Pool  
  16  1:15  Drone  
  16  1:19  Drone  
  16  1:24  Drone  
  18  1:28  Drone  
  19  1:39  Drone  
  20  1:50  Overlord  
  20  2:00  Metabolic Boost  
  20  2:03  Drone  
  21  2:10  Queen x2  
  25  2:24  Drone x2  
  25  2:25  Drone x2  
  29  2:32  Drone  
  30  2:39  Overlord  
  30  2:45  Queen  
  30  2:48  Lair  
  32  2:56  Drone x2  
  34  2:59  Drone x2  
  34  3:00  Drone  
  37  3:12  Spine Crawler  
  36  3:16  Spine Crawler  
  36  3:17  Spine Crawler  
  34  3:24  Queen  
  34  3:25  Spine Crawler  
  35  3:32  Drone x3  
  38  3:36  Zergling x6  
  41  3:45  Zergling x6  
  44  4:02  Zergling x2  
  43  4:03  Zergling x2  
  40  4:33  Hydralisk Den  
  38  4:41  Drone x4  
  38  4:42  Drone  
  38  4:45  Extractor x2  
  41  4:54  Drone  
  41  4:55  Drone, Lurker Den  
  41  4:56  Overlord  
  41  4:57  Overlord, Spine Crawler  
  41  4:58  Spine Crawler  
  41  5:05  Spine Crawler  
  40  5:11  Drone x2  
  40  5:12  Drone  
  43  5:20  Drone x3  
  46  5:24  Extractor  
  46  5:26  Evolution Chamber  
  42  5:29  Overseer  
  42  5:32  Hydralisk x4  
  50  5:48  Drone x2  
  52  5:51  Hydralisk x3  
  52  5:53  Zergling x2  
  52  5:56  Overlord x2  
  52  5:57  Overlord  
  57  6:25  Lurker  
  57  6:26  Lurker  
  58  6:46  Zergling x2  
  59  6:47  Zergling x32  
  75  7:00  Zerg Missile Weapons Level 1  
  74  7:13  Hydralisk x5  
  84  7:19  Overlord x2  
  82  7:32  Hatchery  
  81  7:39  Evolution Chamber, Drone x3, Muscular Augments  
  81  7:42  Drone x2  
  85  8:00  Overlord x2, Hydralisk x2  
  85  8:03  Overseer x2  
  89  8:22  Lurker  
  89  8:23  Lurker  
  89  8:24  Hydralisk x3  
  97  8:36  Extractor  
  97  8:40  Extractor  
  95  8:47  Hydralisk  
  95  8:48  Hydralisk x4  
  97  8:54  Queen  
  107  9:03  Pneumatized Carapace  
  106  9:18  Hydralisk  
  106  9:19  Hydralisk x3  
Show
View Real Time Build Order
Export as new Build Order

Javert Zerg 

Build Orders: Pool First 

Get SALT Encoding   

  12  0:01  Drone  
  13  0:09  Drone  
  14  0:19  Extractor  
  14  0:20  Extractor  
  14  0:21  Drone  
  13  0:22  Drone  
  15  0:38  Spawning Pool  
  14  0:44  Overlord  
  14  0:51  Extractor  
  14  0:52  Drone  
  15  1:05  Drone x2  
  15  1:07  Drone  
  18  1:28  Roach Warren  
  18  1:29  Queen  
  19  1:36  Overlord  
  19  1:46  Drone  
  20  2:00  Overlord  
  20  2:05  Burrow  
  20  2:09  Roach x2  
  24  2:17  Roach  
  26  2:26  Roach  
  28  2:40  Roach x4  
  28  2:44  Overlord  
  36  2:50  Roach  
  38  3:04  Overlord  
  38  3:11  Roach x3  
  44  3:38  Overlord  
  44  3:39  Hatchery  
  43  3:53  Roach x4  
  43  3:55  Roach  
  43  4:02  Roach x5  
  35  4:12  Roach x3  
  35  4:16  Roach  
  43  4:17  Roach x6  
  37  4:44  Drone x3  
  40  4:56  Queen  
  42  5:02  Drone x2  
  42  5:03  Drone  
  45  5:08  Drone x5  
  45  5:10  Roach x2  
  50  5:17  Drone  
  51  5:32  Ravager x2  
  53  5:41  Drone x5  
  58  5:50  Ravager  
  58  5:52  Drone  
  58  5:53  Drone x4  
  64  6:10  Overlord  
  64  6:13  Extractor  
  63  6:21  Drone  
  63  6:23  Extractor  
  63  6:24  Extractor  
  62  6:38  Drone x4  
  62  6:39  Roach  
  66  6:42  Drone x2  
  68  6:59  Overlord  
  68  7:05  Drone x4  
  70  7:16  Queen  
  70  7:18  Lair  
  70  7:19  Drone x3  
  70  7:20  Drone  
  78  7:30  Roach x4  
  78  7:32  Overlord x2  
  84  7:42  Overlord x2  
  84  7:46  Overlord x2  
  84  7:50  Evolution Chamber x2  
  82  8:09  Overlord x2  
  82  8:10  Drone x3  
  85  8:16  Glial Reconstitution  
  85  8:28  Roach  
  85  8:29  Hatchery, Roach x5  
  96  8:52  Evolution Chamber  
  96  8:53  Spine Crawler, Ravager x2, Extractor  
  96  8:54  Ravager x3, Spine Crawler, Extractor  
  96  8:55  Evolution Chamber, Roach x7  
  109  8:56  Hatchery, Extractor x2  
  109  9:02  Drone x4  
  110  9:11  Overseer x3  
  110  9:15  Overlord x2  
  84  9:29  Roach  
  84  9:30  Roach x4  
Tags
 
Add a new tag
Caveats
  • Supply blocks, unpowered buildings, or Contaminate may cause inaccurate times.
  • Supply counts are checked every 10 seconds.